 Dungeon Crawl Stone Soup version 0.29.1-12-g30fa7ad0bf (webtiles) character file.

Game seed: 3633494875210287126

7 zeram the Shield-Bearer (level 2, -1/21 HPs)
             Began as an Octopode Fighter on Dec 13, 2022.
             Slain by a hobgoblin (3 damage)
             ... on level 1 of the Dungeon.
             The game lasted 00:00:43 (55 turns).

zeram the Shield-Bearer (Octopode Fighter)            Turns: 55, Time: 00:00:43

Health: -1/21      AC:  1    Str: 15    XL:     2   Next: 0%
Magic:  2/2        EV: 13    Int: 10    God:
Gold:   0          SH:  4    Dex: 11    Spells: 1/1 levels left

rFire   . . .      SeeInvis .   a - +0 rapier
rCold   . . .      Faith    .   b - +0 buckler
rNeg    . . .      Spirit   .   (helmet restricted)
rPois   .          Reflect  .   (no amulet)
rElec   .          Harm     .   (no ring)
rCorr   .          Rampage  .   (no ring)
Will    .....                   (no ring)
Stlth   ++........              (no ring)
HPRegen 0.07/turn               (no ring)
MPRegen 0.08/turn               (no ring)
                                (no ring)
                                (no ring)

@: no status effects
A: almost no armour, amphibious, 8 rings, camouflage 1, gelatinous body 1,
(nimble swimmer 1), tentacles
a: no special abilities


You were on level 1 of the Dungeon.
You visited 1 branch of the dungeon, and saw 1 of its levels.

Inventory:

Hand Weapons
 a - a +0 rapier (weapon)
Armour
 b - a +0 buckler (worn)
Scrolls
 d - a scroll of magic mapping {unknown}
Potions
 c - a potion of might


   Skills:
 + Level 3.1 Fighting
 + Level 2.0 Short Blades
 + Level 3.1 Dodging
 + Level 3.1 Shields


You had one spell level left.
You didn't know any spells.
Your spell library was empty.

Dungeon Overview and Level Annotations

Branches:
Dungeon (1/15)

Altars:


Innate Abilities, Weirdness & Mutations

You cannot wear most types of armour.
You are amphibious.
You can wear up to eight rings at the same time.
Your skin changes colour to match your surroundings (Stealth+).
Your rubbery body absorbs attacks. (AC +1, EV +1)
((You are camouflaged when in or above water. (Stealth+)))
You have tentacles for arms and can constrict up to eight enemies at once.


Message History

You hit the goblin.
You kill the goblin!
The jackal bites you. The jackal misses you.
You are too injured to fight recklessly!
You are too injured to fight recklessly!
You are too injured to fight recklessly!
You closely miss the jackal. Your grab misses the jackal.
The jackal barely misses you. The jackal closely misses you. x2
You block the jackal's attack.
You miss the jackal. Your grab misses the jackal.
The jackal closely misses you. The jackal barely misses you.
You hit the jackal but do no damage. Your grab misses the jackal.
Your squeeze misses the jackal. The jackal bites you.
* * * LOW HITPOINT WARNING * * *
The jackal barely misses you. The jackal completely misses you.
The jackal closely misses you.
You closely miss the jackal. Your grab misses the jackal.
The jackal barely misses you. The jackal closely misses you.
The jackal bites you.
* * * LOW HITPOINT WARNING * * *
The jackal attacks as you move away! You block the jackal's attack. x2
The jackal bites you.
* * * LOW HITPOINT WARNING * * *
The jackal attacks as you move away! You block the jackal's attack.
Unknown command.
The jackal closely misses you.
You hit the jackal. You grab the jackal.
You squeeze the jackal, but do no damage.
The jackal is almost dead.
You constrict the jackal.
You kill the jackal!
The hobgoblin closely misses you.
You have reached level 2!
You barely miss the hobgoblin. Your grab misses the hobgoblin.
The hobgoblin barely misses you.
You hit the hobgoblin. Your grab misses the hobgoblin.
Your squeeze misses the hobgoblin.
The hobgoblin is moderately wounded.
The hobgoblin hits you.
You die...

.......'...#.......#
..#...##.###......##
..#.#.##.# #......#
....####.# ##.....#
....# #.####.....#
....# #..........#
...## #..#####.#.##
....# ... #.#.#
...## .#.####.#@#
.### #......#g# .
######...h#
......)..##
###....)..#
#...##....... #.##
##.#...... .
#.####### #..


You could see a jackal and a hobgoblin.

Vanquished Creatures
  A ball python (D:1)
  An endoplasm (D:1)
  A goblin (D:1)
  A jackal (D:1)
  A kobold (D:1)
5 creatures vanquished.

Notes
Turn   | Place    | Note
-------+----------+-------------------------------------------
     0 | D:1      | zeram the Octopode Fighter began the quest for the Orb.
     0 | D:1      | Reached XP level 1. HP: 16/16 MP: 1/1
    54 | D:1      | Reached XP level 2. HP: 2/21 MP: 2/2
    55 | D:1      | Slain by a hobgoblin

Illustrated notes

Levels and vault maps discovered:
D:1:      arrival_zaba_pyramid, layout_rooms, amcnicky_mini_pool_small

Action                   || total
-------------------------++-------
Melee: Rapier            ||    16
       Tentacles         ||     4
       Constrict         ||     3
Dodge: Dodged            ||    31
Block: Buckler           ||     7
